TOP OF THE 1ST |
Palm Beach Cardinals batting - Pitching for Tampa Tarpons : RHP Roger Rodriguez
|
Pitching: RHP Roger Rodriguez
|
|
Batting: RHB Alvin Guzman
|
0-0: Called Strike 0-1: Ball 1-1: Ball 2-1: Ball 3-1: Base on Balls
|
Batting: RHB Albert Inoa
|
0-0: Called Strike 0-1: Ball 1-1: Ball 2-1: Ball 3-1: Base on Balls Alvin Guzman to second
|
Batting: RHB Judson Fabian
|
0-0: Called Strike 0-1: Ball 1-1: Ball 2-1: Ball 3-1: Called Strike 3-2: Fly out, F9 (Flyball, 9S, EV 86.2 MPH)
|
Batting: LHB Kellum Clark
|
0-0: Ball Wild Pitch! Alvin Guzman to third Albert Inoa to second 1-0: Fly out, F9 (Flyball, 9, EV 93.1 MPH) Runner from 3rd tags up, SCORES, throw by RF Albert Inoa to third
|
Batting: LHB Fernando Villalobos
|
0-0: Called Strike 0-1: Fly out, F7 (Line Drive, 7, EV 90.6 MPH)
|
Top of the 1st over - 1 run, 0 hits, 0 errors, 1 left on base; Palm Beach 1 - Tampa 0 |
BOTTOM OF THE 1ST |
Tampa Tarpons batting - Pitching for Palm Beach Cardinals : LHP Jose Nodal
|
Pitching: LHP Jose Nodal
|
|
Batting: RHB Tommy Troy
|
0-0: Foul Ball, location: 2F 0-1: Swinging Strike 0-2: Ball 1-2: Fly out, F4 (Line Drive, 4, EV 71.2 MPH)
|
Batting: RHB Felix Negueis
|
0-0: Ball 1-0: Ball 2-0: Ball 3-0: Called Strike 3-1: Ground out 4-3 (Groundball, 4, EV 101.9 MPH)
|
Batting: RHB Jesus Ruiz
|
0-0: Ball 1-0: Swinging Strike 1-1: Swinging Strike 1-2: Strikes out swinging
|
Bottom of the 1st over - 0 runs, 0 hits, 0 errors, 0 left on base; Palm Beach 1 - Tampa 0 |
TOP OF THE 2ND |
Palm Beach Cardinals batting - Pitching for Tampa Tarpons : RHP Roger Rodriguez
|
Batting: LHB Leudy Pena
|
0-0: Foul Ball, location: 2F 0-1: Ball 1-1: Called Strike 1-2: Foul Ball, location: 2F 1-2: Ball 2-2: DOUBLE (Line Drive, 89M, EV 109.4 MPH)
|
Batting: RHB Endri Salas
|
0-0: Swinging Strike 0-1: Ball 1-1: Swinging Strike 1-2: Ball 2-2: Strikes out looking
|
Batting: RHB Ramon Mendoza
|
0-0: Ball 1-0: Fly out, F7 (Flyball, 7S, EV 89.4 MPH)
|
Batting: RHB Sergio Montes
|
0-0: Foul Ball, location: 2F 0-1: Foul Ball, location: 2F 0-2: Ball 1-2: Ball 2-2: Fly out, F4 (Popup, 3S, EV 87.5 MPH)
|
Top of the 2nd over - 0 runs, 1 hit, 0 errors, 1 left on base; Palm Beach 1 - Tampa 0 |
BOTTOM OF THE 2ND |
Tampa Tarpons batting - Pitching for Palm Beach Cardinals : LHP Jose Nodal
|
Batting: RHB Ivan Rocha
|
0-0: Ball 1-0: Called Strike 1-1: Ball 2-1: Ball 3-1: SINGLE (Line Drive, 9S, EV 91.2 MPH)
|
Batting: RHB Jose Caguana
|
0-0: Called Strike 0-1: Ball 1-1: Called Strike 1-2: Strikes out swinging
|
Batting: LHB Anyelo Reyes
|
0-0: Ball 1-0: Swinging Strike 1-1: Foul Ball, location: 2F 1-2: DOUBLE (Flyball, 7LM, EV 107.5 MPH) Ivan Rocha to third Runner from 3rd tries for Home, SAFE, no throw by LF
|
Batting: RHB Cameron Frederick
|
0-0: Swinging Strike 0-1: Ball 1-1: Ball 2-1: Called Strike 2-2: Ground out U3 (Groundball, 34, EV 105.6 MPH) Anyelo Reyes to third
|
Batting: RHB Eduar Ramirez
|
0-0: Ground out 6-3 (Groundball, 6, EV 85.0 MPH)
|
Bottom of the 2nd over - 1 run, 2 hits, 0 errors, 1 left on base; Palm Beach 1 - Tampa 1 |
TOP OF THE 3RD |
Palm Beach Cardinals batting - Pitching for Tampa Tarpons : RHP Roger Rodriguez
|
Batting: RHB Alvin Guzman
|
0-0: Ball 1-0: Ball 2-0: Called Strike 2-1: SINGLE (Groundball, 6MD, EV 99.4 MPH)
|
Batting: RHB Albert Inoa
|
0-0: Ball Wild Pitch! Alvin Guzman to second 1-0: Foul Ball, location: 2F 1-1: Ball 2-1: Ball 3-1: Called Strike 3-2: Foul Ball, location: 2F 3-2: Base on Balls
|
Batting: RHB Judson Fabian
|
0-0: Called Strike 0-1: Called Strike Alvin Guzman steals 3rd base Albert Inoa to second 0-2: Ball Wild Pitch! Alvin Guzman scores Albert Inoa to third 1-2: Foul Ball, location: 2F 1-2: Ball 2-2: Ball 3-2: Fly out, F8 (Flyball, 8RXD, EV 98.1 MPH) Runner from 3rd tags up, SCORES, no throw by CF
|
Batting: LHB Kellum Clark
|
0-0: Called Strike 0-1: Called Strike 0-2: Fly out, F8 (Flyball, 8RD, EV 100.6 MPH)
|
Batting: LHB Fernando Villalobos
|
0-0: Called Strike 0-1: Ball 1-1: Ball 2-1: Foul Ball, location: 2F 2-2: Foul Ball, location: 2F 2-2: Foul Ball, location: 2F 2-2: Foul Ball, location: 2F 2-2: Ball 3-2: Fly out, F7 (Flyball, 7, EV 79.4 MPH)
|
Top of the 3rd over - 2 runs, 1 hit, 0 errors, 0 left on base; Palm Beach 3 - Tampa 1 |
BOTTOM OF THE 3RD |
Tampa Tarpons batting - Pitching for Palm Beach Cardinals : LHP Jose Nodal
|
Batting: RHB Jared Serna
|
0-0: SINGLE (Line Drive, 34D, EV 94.4 MPH)
|
Batting: RHB Tommy Troy
|
0-0: Ball 1-0: Ball 2-0: Swinging Strike 2-1: Foul Ball, location: 2F 2-2: Ball 3-2: SINGLE (Line Drive, 8RS, EV 98.8 MPH) Jared Serna to second
|
Batting: RHB Felix Negueis
|
0-0: Ball 1-0: Ball 2-0: Fly out, F9 (Flyball, 9, EV 85.0 MPH)
|
Batting: RHB Jesus Ruiz
|
0-0: Ball 1-0: Swinging Strike 1-1: Foul Ball, location: 2F 1-2: Ball Wild Pitch! Jared Serna to third Tommy Troy to second 2-2: Ground out 5-3 (Groundball, 56S, EV 86.9 MPH) Jared Serna scores
|
Batting: RHB Ivan Rocha
|
0-0: Ground out 6-3 (Groundball, 6, EV 86.2 MPH)
|
Bottom of the 3rd over - 1 run, 2 hits, 0 errors, 1 left on base; Palm Beach 3 - Tampa 2 |
TOP OF THE 4TH |
Palm Beach Cardinals batting - Pitching for Tampa Tarpons : RHP Roger Rodriguez
|
Batting: LHB Leudy Pena
|
0-0: Swinging Strike 0-1: Ground out U3 (Groundball, 3S, EV 85.6 MPH)
|
Batting: RHB Endri Salas
|
0-0: Called Strike 0-1: Foul Ball, location: 2F 0-2: Ball 1-2: SINGLE (Line Drive, 8RS, EV 97.5 MPH)
|
Batting: RHB Ramon Mendoza
|
0-0: Ball 1-0: Ball 2-0: Foul Ball, location: 2F 2-1: Ball 3-1: Swinging Strike 3-2: Strikes out swinging
|
Batting: RHB Sergio Montes
|
0-0: Ball 1-0: Swinging Strike 1-1: Swinging Strike 1-2: Ball 2-2: Reached on error, E5 (Groundball, 56, EV 103.1 MPH) Endri Salas to second
|
Pitching: RHP Adam Berghorst
|
|
Batting: RHB Alvin Guzman
|
0-0: Ball 1-0: Foul Ball, location: 2F 1-1: Foul Ball, location: 2F 1-2: Ball 2-2: Fly out, F9 (Flyball, 89M, EV 85.0 MPH)
|
Top of the 4th over - 0 runs, 1 hit, 1 error, 2 left on base; Palm Beach 3 - Tampa 2 |
BOTTOM OF THE 4TH |
Tampa Tarpons batting - Pitching for Palm Beach Cardinals : LHP Jose Nodal
|
Batting: RHB Jose Caguana
|
0-0: Ball 1-0: Swinging Strike 1-1: Ball 2-1: Foul Ball, location: 2F 2-2: Strikes out swinging
|
Batting: LHB Anyelo Reyes
|
0-0: Ball 1-0: Foul Ball, location: 2F 1-1: SINGLE (Line Drive, 9LS, EV 93.8 MPH)
|
Batting: RHB Cameron Frederick
|
0-0: Called Strike 0-1: Ball 1-1: Ball 2-1: Ball 3-1: Fly out, F3 (Popup, 3F, EV 78.1 MPH)
|
Batting: RHB Eduar Ramirez
|
0-0: Ball 1-0: Ball 2-0: Ground out U3 (Groundball, 34S, EV 79.4 MPH)
|
Bottom of the 4th over - 0 runs, 1 hit, 0 errors, 1 left on base; Palm Beach 3 - Tampa 2 |
TOP OF THE 5TH |
Palm Beach Cardinals batting - Pitching for Tampa Tarpons : RHP Adam Berghorst
|
Batting: RHB Albert Inoa
|
0-0: Ball 1-0: Called Strike 1-1: Called Strike 1-2: Ball 2-2: Strikes out swinging
|
Batting: RHB Judson Fabian
|
0-0: Ball 1-0: Called Strike 1-1: Ball 2-1: TRIPLE (Line Drive, 9D, EV 106.2 MPH)
|
Batting: LHB Kellum Clark
|
0-0: Foul Ball, location: 2F 0-1: Ball 1-1: Ball 2-1: Swinging Strike 2-2: Foul Ball, location: 2F 2-2: Fly out, F7 (Flyball, 7, EV 78.1 MPH) Runner from 3rd tags up, SCORES, no throw by LF
|
Batting: LHB Fernando Villalobos
|
0-0: Ball 1-0: Ball 2-0: Foul Ball, location: 2F 2-1: Ball 3-1: Foul Ball, location: 2F 3-2: Fly out, F5 (Line Drive, 5, EV 68.8 MPH)
|
Top of the 5th over - 1 run, 1 hit, 0 errors, 0 left on base; Palm Beach 4 - Tampa 2 |
BOTTOM OF THE 5TH |
Tampa Tarpons batting - Pitching for Palm Beach Cardinals : LHP Jose Nodal
|
Batting: RHB Jared Serna
|
0-0: Called Strike 0-1: Ball 1-1: Ball 2-1: Ball 3-1: Base on Balls
|
Batting: RHB Tommy Troy
|
0-0: Ball 1-0: Called Strike 1-1: Foul Ball, location: 2F 1-2: Ball 2-2: Ball 3-2: Strikes out swinging
|
Batting: RHB Felix Negueis
|
0-0: Foul Ball, location: 2F 0-1: Fly out, F7 (Flyball, 7LM, EV 90.0 MPH)
|
Batting: RHB Jesus Ruiz
|
0-0: Ball 1-0: Ball 2-0: Foul Ball, location: 2F 2-1: TRIPLE (Line Drive, 9D, EV 103.8 MPH) Jared Serna scores
|
Batting: RHB Ivan Rocha
|
0-0: Fly out, F7 (Flyball, 7, EV 88.1 MPH)
|
Bottom of the 5th over - 1 run, 1 hit, 0 errors, 1 left on base; Palm Beach 4 - Tampa 3 |
|
|
TOP OF THE 6TH |
Palm Beach Cardinals batting - Pitching for Tampa Tarpons : RHP Adam Berghorst
|
Batting: LHB Leudy Pena
|
0-0: Fly out, F9 (Line Drive, 9, EV 88.8 MPH)
|
Pitching: RHP Odue Civada
|
|
Batting: RHB Endri Salas
|
0-0: Called Strike 0-1: Ball 1-1: Ball 2-1: Ball 3-1: Base on Balls
|
Batting: RHB Ramon Mendoza
|
0-0: Ball 1-0: Called Strike 1-1: Ball 2-1: Fielders Choice at 2nd, 4-6 (Groundball, 34, EV 83.8 MPH)
|
Batting: RHB Sergio Montes
|
0-0: Called Strike 0-1: Ball 1-1: SINGLE (Groundball, 4MD, EV 101.9 MPH) Ramon Mendoza to second
|
Batting: RHB Alvin Guzman
|
0-0: Ball 1-0: Foul Ball, location: 2F 1-1: Fly out, F8 (Flyball, 8RS, EV 86.2 MPH)
|
Top of the 6th over - 0 runs, 1 hit, 0 errors, 2 left on base; Palm Beach 4 - Tampa 3 |
BOTTOM OF THE 6TH |
Tampa Tarpons batting - Pitching for Palm Beach Cardinals : LHP Jose Nodal
|
Pitching: RHP Dylan Castaneda
|
|
Batting: RHB Jose Caguana
|
0-0: Ball 1-0: Fly out, F6 (Popup, 6MS, EV 65.6 MPH)
|
Batting: LHB Anyelo Reyes
|
0-0: Ball 1-0: Called Strike 1-1: Ball 2-1: DOUBLE (Flyball, 9LD, EV 103.1 MPH)
|
Batting: RHB Cameron Frederick
|
0-0: Ball 1-0: Ball 2-0: Foul Ball, location: 2F 2-1: Swinging Strike 2-2: Strikes out swinging
|
Batting: RHB Eduar Ramirez
|
0-0: Called Strike 0-1: Ball 1-1: Called Strike 1-2: Foul Ball, location: 2F 1-2: Ground out 4-3 (Groundball, 4, EV 83.8 MPH)
|
Bottom of the 6th over - 0 runs, 1 hit, 0 errors, 1 left on base; Palm Beach 4 - Tampa 3 |
TOP OF THE 7TH |
Palm Beach Cardinals batting - Pitching for Tampa Tarpons : RHP Odue Civada
|
Batting: RHB Albert Inoa
|
0-0: Fly out, F7 (Flyball, 7, EV 79.4 MPH)
|
Batting: RHB Judson Fabian
|
0-0: Called Strike 0-1: Ball 1-1: Ball 2-1: Ball 3-1: Swinging Strike 3-2: Base on Balls
|
Batting: LHB Kellum Clark
|
0-0: Reached on error, E1 (Groundball, 34S, EV 70.0 MPH) Judson Fabian to second
|
Batting: LHB Fernando Villalobos
|
0-0: Fielders Choice at 2nd, 1-6 (Groundball, 34S, EV 65.6 MPH) Judson Fabian to third
|
Pitching: RHP Gabriel Sosa
|
|
Batting: LHB Leudy Pena
|
0-0: Foul Ball, location: 2F 0-1: Foul Ball, location: 2F 0-2: Ball 1-2: Foul Ball, location: 2F 1-2: Strikes out swinging
|
Top of the 7th over - 0 runs, 0 hits, 1 error, 2 left on base; Palm Beach 4 - Tampa 3 |
BOTTOM OF THE 7TH |
Tampa Tarpons batting - Pitching for Palm Beach Cardinals : RHP Dylan Castaneda
|
Now at 1B: Luis Pineda
|
|
Batting: RHB Jared Serna
|
0-0: Ball 1-0: Ball 2-0: Foul Ball, location: 2F 2-1: Swinging Strike 2-2: SINGLE (Groundball, 6, EV 97.5 MPH)
|
Batting: RHB Tommy Troy
|
0-0: Sac Bunt to 15S - play at first, batter OUT! 1-4 Jared Serna to second
|
Batting: RHB Felix Negueis
|
0-0: Fly out, F9 (Flyball, 89D, EV 85.0 MPH) Runner from 2nd tags up, SAFE at 3rd, no throw by RF
|
Batting: RHB Jesus Ruiz
|
0-0: Ball 1-0: Fly out, F7 (Line Drive, 7, EV 91.9 MPH)
|
Bottom of the 7th over - 0 runs, 1 hit, 0 errors, 1 left on base; Palm Beach 4 - Tampa 3 |
TOP OF THE 8TH |
Palm Beach Cardinals batting - Pitching for Tampa Tarpons : RHP Gabriel Sosa
|
Batting: RHB Endri Salas
|
0-0: Ball 1-0: Called Strike 1-1: Ball 2-1: Foul Ball, location: 2F 2-2: Foul Ball, location: 2F 2-2: Ball 3-2: Base on Balls
|
Batting: RHB Ramon Mendoza
|
0-0: Ball 1-0: Bunted foul 1-1: Sac Bunt to 13S - play at first, batter OUT! 1-4 Endri Salas to second
|
Batting: RHB Sergio Montes
|
0-0: SINGLE (Flyball, 8RS, EV 94.4 MPH) Endri Salas to third
|
Batting: RHB Alvin Guzman
|
0-0: Called Strike 0-1: Foul Ball, location: 2F 0-2: Ball 1-2: Strikes out swinging
|
Batting: RHB Albert Inoa
|
0-0: Ball 1-0: Ball 2-0: Foul Ball, location: 2F 2-1: Ball 3-1: Called Strike 3-2: Strikes out swinging
|
Top of the 8th over - 0 runs, 1 hit, 0 errors, 2 left on base; Palm Beach 4 - Tampa 3 |
BOTTOM OF THE 8TH |
Tampa Tarpons batting - Pitching for Palm Beach Cardinals : RHP Dylan Castaneda
|
Pitching: RHP Americo Lugo
|
|
Batting: RHB Ivan Rocha
|
0-0: Called Strike 0-1: Ball 1-1: Ball 2-1: Foul Ball, location: 2F 2-2: SINGLE (Line Drive, 78D, EV 105.6 MPH)
|
Batting: RHB Jose Caguana
|
0-0: Ball 1-0: Ball 2-0: Ball 3-0: Called Strike 3-1: Fielders Choice at 2nd, 6-4 (Groundball, 56S, EV 82.5 MPH)
|
Pitching: RHP Brailin Rodriguez
|
|
Batting: LHB Anyelo Reyes
|
0-0: Ground out 5-3 (Groundball, 5S, EV 82.5 MPH) Jose Caguana to second
|
Batting: RHB Cameron Frederick
|
0-0: Called Strike 0-1: SINGLE (Groundball, P, EV 81.2 MPH) (infield hit) Jose Caguana to third
|
Batting: RHB Eduar Ramirez
|
0-0: Called Strike 0-1: Ball 1-1: Foul Ball, location: 2F 1-2: DOUBLE (Groundball, 5L, EV 99.4 MPH) Jose Caguana scores Cameron Frederick to third Runner from 3rd tries for Home, SAFE, throw by LF to home
|
Batting: RHB Jared Serna
|
0-0: Foul Ball, location: 2F 0-1: Foul Ball, location: 2F 0-2: Foul Ball, location: 2F 0-2: Ground out 5-3 (Groundball, 56, EV 85.6 MPH)
|
Bottom of the 8th over - 2 runs, 3 hits, 0 errors, 1 left on base; Palm Beach 4 - Tampa 5 |
TOP OF THE 9TH |
Palm Beach Cardinals batting - Pitching for Tampa Tarpons : RHP Gabriel Sosa
|
Pitching: RHP Jose Bernabe
|
|
Batting: RHB Judson Fabian
|
0-0: Foul Ball, location: 2F 0-1: Swinging Strike 0-2: SINGLE (Line Drive, 78M, EV 107.5 MPH)
|
Pinch Hitting: RHB Richard Rodriguez
|
0-0: Ball 1-0: Swinging Strike 1-1: Called Strike 1-2: Strikes out swinging
|
Batting: LHB Fernando Villalobos
|
0-0: Fielders Choice at 2nd, 4-6 (Groundball, 4, EV 81.2 MPH)
|
Batting: LHB Leudy Pena
|
0-0: TRIPLE (Flyball, 9LD, EV 95.0 MPH) Fernando Villalobos scores
|
Batting: RHB Endri Salas
|
0-0: Intentional Walk
|
Batting: RHB Ramon Mendoza
|
0-0: Called Strike 0-1: Ball Passed Ball! Leudy Pena scores Endri Salas to second 1-1: Fly out, F9 (Line Drive, 9D, EV 98.1 MPH)
|
Top of the 9th over - 2 runs, 2 hits, 0 errors, 1 left on base; Palm Beach 6 - Tampa 5 |
BOTTOM OF THE 9TH |
Tampa Tarpons batting - Pitching for Palm Beach Cardinals : RHP Brailin Rodriguez
|
Pitching: LHP Bryan Dum
|
|
Now at 1B: Kevin Reyes
|
|
Batting: RHB Tommy Troy
|
0-0: Called Strike 0-1: SINGLE (Line Drive, 4D, EV 95.6 MPH)
|
Batting: RHB Felix Negueis
|
0-0: Bunt missed! 0-1: Bunt missed! 0-2: Foul Ball, location: 2F 0-2: Ball 1-2: DOUBLE (Line Drive, 9LM, EV 99.4 MPH) Tommy Troy to third
|
Batting: RHB Jesus Ruiz
|
0-0: Ground out 6-3 (Groundball, 6, EV 99.4 MPH)
|
Batting: RHB Ivan Rocha
|
0-0: Intentional Walk
|
Batting: RHB Jose Caguana
|
0-0: Ball 1-0: SINGLE (Flyball, 56D, EV 95.6 MPH) Tommy Troy scores Felix Negueis to third Ivan Rocha to second Runner from 3rd tries for Home, SAFE, throw by LF to home
|
Bottom of the 9th over - 2 runs, 3 hits, 0 errors, 0 left on base; Palm Beach 6 - Tampa 7 |
|
Tuesday, May 18th, 2021 - OOTP Baseball 21.5 Build 76
|
|